AoeStats
← Chanos

MegaRandom

509354719Analyzed
4v4 RM · 7d ago on Sep 26, 2026· 49m 0s· 8 players
Game mode
Random Map
Map size
Large (8 player)
Population
200
Speed
Normal
Resources
Standard
Victory
Conquest
Starting age
Dark Age
Ending age
Imperial Age
RankedLock teamsTeams togetherTeam positionsShared explorationLock speedFull tech treeHidden civsTurbo modeCheats
Victory
Defeat
🇩🇪 Persians · Germany
1036
+14
🇲🇽 Khmer · Mexico
1001
+16
🇩🇪 Romans · Germany
967
+17
🇦🇷 Huns · Argentina
966
+17
🇫🇷 Dravidians · France
1038
-18
🇫🇷 Lithuanians · France
1021
-17
🇫🇷 Maya · France
1006
-17
🇫🇷 Vietnamese · France
902
-12
GermanWolf7
11:57 Feudal Age
10:15 Loom
15:34 Double-Bit Axe
20:30 Castle Age
22:35 Wheelbarrow
22:15 Bow Saw
22:46 Horse Collar
32:21 Forging
35:10 Imperial Age
33:20 Hand Cart
33:38 Squires
34:18 Iron Casting
33:35 Fletching
35:38 Heavy Scorpion
36:45 Conscription
37:31 Blast Furnace
36:37 Scale Barding Armor
36:29 Bodkin Arrow
38:03 Chemistry
38:26 Sappers
41:01 Man-at-Arms
43:03 Pikeman
44:17 Long Swordsman
47:32 Caravan
bubububu34bu
0:43 Loom
37:59 Feudal Age
42:36 Castle Age
41:13 Wheelbarrow
41:32 Bloodlines
41:31 Scale Barding Armor
41:39 Forging
42:22 Double-Bit Axe
43:55 Chain Barding Armor
47:27 Light Cavalry
SMNT-Chifuego
12:54 Feudal Age
11:10 Loom
15:02 Bloodlines
24:21 Castle Age
22:33 Horse Collar
22:43 Double-Bit Axe
25:37 Bow Saw
25:33 Heavy Plow
27:14 Gold Mining
27:14 Stone Mining
27:36 Forging
27:32 Scale Barding Armor
29:44 Wheelbarrow
29:39 Husbandry
31:18 Thumb Ring
30:33 Crossbowman
37:20 Chain Barding Armor
37:36 Iron Casting
36:53 Fletching
40:27 Imperial Age
38:13 Hand Cart
37:44 Town Watch
42:46 Man-at-Arms
44:57 Light Cavalry
45:20 Long Swordsman
47:27 Bodkin Arrow
47:33 Padded Archer Armor
48:09 Plate Barding Armor
49:12 Scale Mail Armor
flying ñonga
1:32 Loom
12:24 Feudal Age
16:41 Castle Age
16:40 Double-Bit Axe
17:37 Forging
17:34 Scale Barding Armor
19:08 Husbandry
21:13 Horse Collar
23:26 Bloodlines
23:29 Town Watch
28:06 Wheelbarrow
28:48 Iron Casting
29:01 Heavy Plow
30:12 Chain Barding Armor
31:23 Hand Cart
31:51 Fletching
32:48 Gold Mining
32:48 Stone Mining
36:16 Imperial Age
34:56 Bow Saw
36:47 Heavy Scorpion
37:32 Cavalier
39:39 Plate Barding Armor
39:01 Bodkin Arrow
39:37 Ballistics
41:16 Chemistry
40:32 Double Crossbow
40:52 Conscription
40:48 Siege Engineers
41:47 Crop Rotation
42:25 Blast Furnace
40:48 Light Cavalry
42:45 Hussar
43:27 Bracer
43:24 Capped Ram
Actiweed1
0:33 Loom
13:37 Feudal Age
14:10 Double-Bit Axe
17:07 Horse Collar
25:58 Fletching
26:55 Scale Mail Armor
29:42 Gold Mining
29:53 Stone Mining
32:11 Town Watch
33:04 Wheelbarrow
35:34 Castle Age
34:52 Arson
35:41 Pikeman
36:19 Crossbowman
37:24 Squires
41:05 Chain Mail Armor
41:01 Forging
40:54 Padded Archer Armor
44:15 Hand Cart
SaVaGe
9:14 Loom
11:48 Feudal Age
13:25 Double-Bit Axe
13:24 Horse Collar
17:51 Castle Age
18:55 Bow Saw
20:49 Pikeman
21:30 Squires
24:54 Heavy Plow
25:50 Scale Mail Armor
26:00 Forging
27:31 Husbandry
32:04 Wheelbarrow
31:14 Town Watch
32:49 Scale Barding Armor
33:02 Chain Mail Armor
39:43 Imperial Age
37:32 Hand Cart
38:25 Chain Barding Armor
38:41 Iron Casting
41:13 Onager
43:56 Conscription
43:42 Medical Corps
44:05 Wootz Steel
45:25 Halberdier
Snake34
0:43 Loom
12:17 Feudal Age
32:11 Double-Bit Axe
43:45 Castle Age
41:59 Scale Barding Armor
45:04 Chain Barding Armor
44:56 Forging
47:18 Pikeman
Chanos
0:35 Loom
11:26 Feudal Age
15:54 Double-Bit Axe
17:35 Fishing Lines
24:03 Castle Age
21:59 Stone Mining
24:34 Crossbowman
25:07 Fletching
25:17 Padded Archer Armor
25:29 Horse Collar
26:07 Bow Saw
28:49 Gillnets
33:03 Leather Archer Armor
32:43 Bodkin Arrow
33:23 Gold Mining
34:47 Thumb Ring
37:50 Imperial Age
37:13 Forging
37:04 Scale Mail Armor
38:11 Wheelbarrow
38:20 Elite Plumed Archer
39:21 Conscription
39:02 Onager
42:12 Hand Cart
43:42 Chemistry
48:02 Ballistics
47:41 Murder Holes
Connection lost

Rejoining the realm…

Still unreachable

The connection could not be restored.

Session expired

The server has moved on; the page needs a fresh start.